Map: Ruins of Seras

Players

Wintersc2 (Winter)

  • Race: Terran Terran

Artosis - Winner!

  • Race: Protoss Protoss

VOD

Have the link to the VOD?

Description

Time

  • Played on: April 3, 2015, 1:39 a.m.
  • Length: 8:49
Show
View Real Time Build Order
Export as new Build Order

Wintersc2 Terran 

Build Orders: Command Center First (CC) 

Get SALT Encoding   

  12  0:01  SCV  
  13  0:13  SCV  
  14  0:18  Supply Depot  
  14  0:25  SCV  
  15  0:41  SCV  
  16  0:53  SCV  
  17  1:01  Command Center  
  17  1:05  SCV  
  18  1:17  SCV, Refinery  
  19  1:25  Barracks  
  19  1:30  SCV  
  20  1:42  SCV  
  21  1:54  SCV  
  22  2:06  SCV  
  23  2:14  Marine  
  24  2:18  Orbital Command  
  24  2:20  Orbital Command  
  24  2:21  Refinery  
  24  2:26  Supply Depot  
  24  2:33  Factory  
  24  2:45  SCV  
  24  2:49  SCV  
  26  2:57  SCV  
  26  2:58  Factory  
  26  3:01  SCV  
  27  3:09  SCV, Refinery  
  28  3:15  SCV  
  28  3:17  Factory Tech Lab  
  29  3:21  SCV  
  31  3:27  SCV  
  31  3:33  SCV  
  32  3:36  Cyclone  
  32  3:39  SCV  
  36  3:42  Factory Tech Lab, Refinery  
  36  3:45  SCV  
  37  3:51  SCV  
  38  3:58  SCV  
  39  4:03  SCV  
  39  4:05  Cyclone  
  44  4:17  Cyclone  
  44  4:18  SCV  
  44  4:20  SCV  
  46  4:31  Command Center  
  46  4:34  Supply Depot  
  46  4:37  Supply Depot  
  46  4:38  Missile Turret  
  46  4:39  Supply Depot  
  46  4:40  Missile Turret  
  46  4:49  Armory  
  46  4:56  SCV x2, Cyclone  
  51  5:03  Cyclone  
  54  5:08  SCV x2, Factory  
  56  5:20  SCV x2  
  58  5:28  Cyclone  
  61  5:32  SCV x2  
  63  5:37  Cyclone  
  63  5:42  Supply Depot  
  66  5:43  Orbital Command  
  66  5:44  SCV x2, Supply Depot  
  66  5:46  Unknown  
  68  5:56  SCV x2  
  70  6:03  Cyclone  
  73  6:07  Factory Tech Lab  
  73  6:08  SCV  
  73  6:09  Factory  
  74  6:14  SCV  
  74  6:15  Orbital Command  
  75  6:20  Supply Depot  
  75  6:22  Cyclone  
  75  6:24  Supply Depot  
  78  6:25  SCV  
  78  6:26  Refinery  
  78  6:29  SCV, Refinery  
  80  6:37  SCV  
  69  6:48  Cyclone  
  72  6:57  Cyclone  
  72  7:01  SCV  
  70  7:03  Supply Depot  
  70  7:04  SCV  
  71  7:08  Factory  
  71  7:11  Cyclone  
  71  7:19  SCV  
  71  7:21  Factory Tech Lab  
  71  7:22  SCV  
  70  7:23  Cyclone  
  70  7:28  Missile Turret  
  72  7:33  SCV  
  67  7:43  Cyclone  
  61  8:01  SCV, Cyclone  
  61  8:04  SCV, Hellion  
  61  8:05  SCV  
  63  8:08  Hellion  
  53  8:13  SCV  
  53  8:15  Hellion  
  53  8:17  SCV  
  56  8:25  SCV, Hellion  
  58  8:29  SCV  
Show
View Real Time Build Order
Export as new Build Order

Artosis Protoss - Winner!

Build Orders: 1 Gate Expand, Phoenix Opening, Phoenix Opening, Blink Stalkers 

Get SALT Encoding   

  12  0:00  Probe  
  13  0:17  Pylon  
  13  0:19  Probe  
  14  0:35  Probe (Chrono Boost)  
  15  0:37  Gateway  
  15  0:47  Probe (Chrono Boost)  
  16  0:52  Assimilator  
  16  0:55  Probe (Chrono Boost)  
  17  1:04  Probe (Chrono Boost)  
  18  1:11  Pylon  
  18  1:15  Probe (Chrono Boost)  
  19  1:21  Probe  
  20  1:27  Cybernetics Core  
  20  1:33  Probe  
  21  1:45  Probe  
  22  1:57  Nexus  
  22  1:58  Probe (Chrono Boost)  
  23  2:07  Assimilator  
  23  2:10  Mothership Core (Chrono Boost)  
  23  2:15  Assimilator  
  25  2:16  Warp Gate  
  25  2:24  Probe  
  25  2:25  Pylon  
  26  2:36  Probe  
  26  2:48  Probe  
  27  2:58  Stargate  
  27  3:01  Probe (Chrono Boost)  
  27  3:02  Adept (Chrono Boost)  
  30  3:09  Probe (Chrono Boost)  
  32  3:17  Assimilator  
  32  3:18  Probe (Chrono Boost)  
  32  3:19  Probe (Chrono Boost)  
  33  3:22  Assimilator  
  33  3:25  Probe (Chrono Boost)  
  33  3:26  Probe  
  35  3:33  Pylon  
  35  3:36  Sentry, Probe  
  35  3:38  Probe  
  39  3:45  Phoenix (Chrono Boost)  
  41  3:49  Probe  
  41  3:50  Probe  
  43  4:01  Probe  
  43  4:02  Probe  
  45  4:13  Probe  
  45  4:14  Probe  
  47  4:18  Phoenix (Chrono Boost)  
  47  4:23  Pylon  
  47  4:25  Probe (Chrono Boost)  
  47  4:27  Probe (Chrono Boost)  
  49  4:35  Twilight Council  
  49  4:36  Phoenix (Chrono Boost)  
  49  4:37  Probe (Chrono Boost)  
  49  4:38  Probe (Chrono Boost)  
  53  4:40  Pylon  
  53  4:43  Probe (Chrono Boost)  
  53  4:44  Probe (Chrono Boost)  
  55  4:55  Phoenix (Chrono Boost)  
  55  4:56  Pylon  
  57  5:07  Probe x2  
  57  5:11  Blink (Chrono Boost)  
  57  5:13  Phoenix (Chrono Boost)  
  61  5:18  Gateway x2  
  61  5:19  Gateway  
  61  5:20  Probe  
  61  5:21  Probe  
  63  5:22  Pylon  
  63  5:27  Pylon  
  59  5:38  Phoenix (Chrono Boost)  
  59  5:43  Stalker  
  61  5:56  Phoenix (Chrono Boost)  
  62  6:11  Templar Archives  
  62  6:13  Gateway  
  62  6:14  Gateway  
  62  6:16  Gateway  
  64  6:18  Phoenix (Chrono Boost)  
  64  6:20  Stalker x4  
  70  6:42  Phoenix  
  68  6:48  Stalker x3  
  68  6:49  Stalker  
  68  6:51  Charge  
  70  7:20  Stalker x2  
  70  7:21  Stalker x4  
  70  7:22  Stalker  
  84  7:27  Pylon  
  74  7:51  Stalker  
  74  7:52  Stalker x5  
  86  8:05  Stalker  
  84  8:22  Stalker x3  
  84  8:23  Stalker x2  
  92  8:42  Stalker x2  
Tags
 
Add a new tag
Caveats
  • Supply blocks, unpowered buildings, or Contaminate may cause inaccurate times.
  • Supply counts are checked every 10 seconds.